 Dungeon Crawl Stone Soup version 0.27-a0-95-g5a9077b8ae (webtiles) character file.

Game seed: 10563511522262479431

872 tacoguy the Skirmisher (level 7, -3/66 HPs)
             Began as a Minotaur Fighter on Jan 17, 2021.
             Was an Initiate of Okawaru.
             Killed by divine providence
             ... invoked by an orc priest
              (12 damage)
             ... on level 5 of the Dungeon.
             The game lasted 00:15:54 (4372 turns).

tacoguy the Skirmisher (Minotaur Fighter)           Turns: 4372, Time: 00:15:55

Health: -3/66      AC:  9    Str: 23    XL:     7   Next: 74%
Magic:  6/6        EV:  9    Int:  5    God:    Okawaru [......]
Gold:   92         SH: 10    Dex: 11    Spells: 6/6 levels left

rFire    . . .     SeeInvis .   a - +0 war axe
rCold    . . .     Faith    .   c - +0 kite shield
rNeg     + . .     Spirit   .   b - +0 scale mail
rPois    .         Reflect  .   (helmet restricted)
rElec    .         Harm     .   (no cloak)
rCorr    .         Rampage  .   (no gloves)
Will     .....     Clarity  +   (no boots)
Stlth    +.........             (no amulet)
HPRegen  0.21/turn              r - ring of positive energy
MPRegen  0.10/turn              (no ring)

@: mighty, studying Armour
A: retaliatory headbutt, horns 2, iridescent scales 1, thin skeletal structure
1, clarity, screaming 1, evolution 1
a: Renounce Religion


You were on level 5 of the Dungeon.
You worshipped Okawaru.
Okawaru was noncommittal.
You visited 2 branches of the dungeon, and saw 6 of its levels.

You collected 137 gold pieces.
You spent 45 gold pieces at shops.

Inventory:

Hand Weapons
 a - a +0 war axe (weapon)
Armour
 b - a +0 scale mail (worn)
 c - a +0 kite shield (worn)
Jewellery
 r - a ring of positive energy (left hand)
Wands
 i - a wand of paralysis (8)
 s - a wand of flame (7)
 v - a wand of acid (8)
Scrolls
 e - a scroll of enchant weapon {unknown}
 g - a scroll of magic mapping {unknown}
 l - 2 scrolls of blinking {unknown}
 n - a scroll of fear {unknown}
 o - 6 scrolls of remove curse
 q - a scroll of immolation {unknown}
 t - 3 scrolls of teleportation
Potions
 f - a potion of flight
 h - a potion of curing
 m - a potion of brilliance
 p - a potion of lignification
 u - a potion of berserk rage {unknown}
Books
 j - a manual of Armour


   Skills:
 * Level 7.0 Fighting
 + Level 4.9 Axes
 + Level 6.0 Armour
 + Level 3.5 Dodging
 + Level 5.5 Shields


You had 6 spell levels left.
You didn't know any spells.
Your spell library contained the following spells:

 Spells                   Type           Power        Failure   Level
 Corona                   Hex            0%           99%         1
 Ensorcelled Hibernation  Hex/Ice        0%           100%        2
 Confusing Touch          Hex            0%           100%        3
 Dazzling Flash           Conj/Hex       0%           100%        3
 Tukima's Dance           Hex            0%           100%        3


Dungeon Overview and Level Annotations

Branches:
Dungeon (5/15)             Temple (1/1) D:4

Altars:
Ashenzari
Cheibriados
Dithmenos
Elyvilon
Fedhas
Gozag
Hepliaklqana
Kikubaaqudgha
Makhleb
Nemelex Xobeh
Okawaru
Qazlal
Sif Muna
Trog
Uskayaw
Vehumet
Xom
Yredelemnul
Zin
The Shining One

Shops:
D:5 ?


Innate Abilities, Weirdness & Mutations

You reflexively headbutt those who attack you in melee.
You have a pair of horns on your head.
You are partially covered in iridescent scales. (AC +2)
You have a somewhat thin skeletal structure. (Dex +2, Stealth)
You possess an exceptional clarity of mind.
You occasionally shout uncontrollably at your foes.
You evolve.


Message History

The orc hits you but does no damage. The orc barely misses you.
You see here an arrow.
An arrow appears from out of thin air!
The arrow hits you.
The orc priest invokes the aid of Beogh against you.
Beogh smites you!
* * * LOW HITPOINT WARNING * * *
The orc wizard casts a spell.
The orc wizard blinks!
An arrow appears from out of thin air!
The arrow hits you.
* * * LOW HITPOINT WARNING * * *
You block the centaur's attack.
You see here 2 arrows.
The orc wizard casts a spell.
The orc wizard blinks!
The centaur hits you but does no damage.
There is a stone staircase leading up here.
The centaur unwields a +0 shortbow.
The centaur closely misses you.
The orc priest calls down the wrath of Beogh upon you.
Beogh smites you!
You die...

###### ##.#..# #
#.@#..#
.#+#.#cc#(.#
......oo#..# ####.
........oo(#......
.......oo.)(......
..........)†......
..(......§....<...
..................
..................


You could see 2 centaurs, an orc priest and 4 orcs.

Vanquished Creatures
  Sigmund (D:4)
  An orc warrior (D:4)
  A sky beast (D:5)
  A centaur (D:4)
  A scorpion (D:4)
  A howler monkey (D:4)
  2 centaur skeletons
  2 orc priests (D:5)
  2 iguanas (D:4)
  Natasha (thrice) (D:3)
  A worker ant (D:5)
  2 adders
  An ooze (D:1)
  4 worms
  2 dart slugs
  5 leopard geckos
  9 orcs
  8 giant cockroaches
  7 goblins
  5 hobgoblins
  6 jackals
  6 kobolds
  3 quokkas
  2 ball pythons
  8 bats
  6 frilled lizards
  A quokka skeleton (D:4)
  13 rats
104 creatures vanquished.

Notes
Turn   | Place    | Note
-------+----------+-------------------------------------------
     0 | D:1      | tacoguy the Minotaur Fighter began the quest for the Orb.
     0 | D:1      | Reached XP level 1. HP: 19/19 MP: 0/0
    59 | D:1      | Reached XP level 2. HP: 21/27 MP: 1/1
   210 | D:1      | Reached skill level 4 in Fighting
   297 | D:1      | Reached XP level 3. HP: 32/33 MP: 2/2
  1069 | D:2      | Found a blossoming altar of Fedhas.
  1120 | D:2      | Reached skill level 1 in Dodging
  1346 | D:2      | Reached XP level 4. HP: 41/41 MP: 3/3
  1717 | D:2      | Gained mutation: You have large cloven feet. [potion of
                  | mutation]
  1717 | D:2      | Gained mutation: You are covered in fur. (AC +1) [potion of
                  | mutation]
  1717 | D:2      | Gained mutation: You are partially covered in iridescent
                  | scales. (AC +2) [potion of mutation]
  1718 | D:2      | Lost mutation: You have large cloven feet. [potion of
                  | mutation]
  1718 | D:2      | Lost mutation: You are covered in fur. (AC +1) [potion of
                  | mutation]
  1718 | D:2      | Gained mutation: You have a pair of large horns on your
                  | head. [potion of mutation]
  1718 | D:2      | Gained mutation: You occasionally shout uncontrollably at
                  | your foes. [potion of mutation]
  1718 | D:2      | Gained mutation: You expend magic power (3 MP) to
                  | strengthen your wands. [potion of mutation]
  1718 | D:2      | Gained mutation: Your spells are a little harder to cast,
                  | but a little more powerful. [potion of mutation]
  1752 | D:3      | Lost mutation: You expend magic power (3 MP) to strengthen
                  | your wands. [potion of mutation]
  1752 | D:3      | Lost mutation: Your spells are a little harder to cast, but
                  | a little more powerful. [potion of mutation]
  1752 | D:3      | Lost mutation: You have a pair of large horns on your head.
                  | [potion of mutation]
  1752 | D:3      | Gained mutation: You evolve. [potion of mutation]
  1752 | D:3      | Gained mutation: You possess an exceptional clarity of
                  | mind. [potion of mutation]
  1775 | D:3      | Noticed Natasha
  1787 | D:3      | Killed Natasha
  1789 | D:3      | Reached XP level 5. HP: 36/47 MP: 4/4
  1872 | D:3      | Found a shimmering altar of Xom.
  1926 | D:3      | Noticed Natasha
  1938 | D:3      | Killed Natasha
  1939 | D:3      | Reached skill level 5 in Fighting
  2013 | D:3      | Found a shadowy altar of Dithmenos.
  2188 | D:3      | Found a glowing golden altar of the Shining One.
  2188 | D:3      | Found a white marble altar of Elyvilon.
  2188 | D:3      | Found a glowing silver altar of Zin.
  2204 | D:3      | Noticed Natasha
  2216 | D:3      | Killed Natasha
  2879 | D:4      | Noticed Sigmund
  2901 | D:4      | Killed Sigmund
  2902 | D:4      | Reached skill level 5 in Armour
  2902 | D:4      | Reached XP level 6. HP: 48/57 MP: 5/5
  2964 | D:4      | Found a staircase to the Ecumenical Temple.
  3003 | D:4      | Reached skill level 6 in Fighting
  3036 | D:4      | Gained mutation: You have a somewhat thin skeletal
                  | structure. (Dex +2, Stealth) [evolution]
  3062 | D:4      | Noticed an orc warrior
  3081 | D:4      | Reached skill level 5 in Shields
  3081 | D:4      | Reached XP level 7. HP: 37/63 MP: 6/6
  3635 | D:4      | Found a broken altar of Ashenzari.
  3635 | D:4      | Found an opulent altar of Gozag.
  3636 | D:4      | Found a shimmering blue altar of Sif Muna.
  4077 | Temple   | Entered the Ecumenical Temple
  4263 | Temple   | Became a worshipper of Warmaster Okawaru
  4343 | D:5      | Entered Level 5 of the Dungeon
  4343 | D:5      | Found Puil's Magic Scroll Emporium.
  4350 | D:5      | Bought a scroll of teleportation for 45 gold pieces
  4364 | D:5      | Reached skill level 7 in Fighting
  4372 | D:5      | Killed from afar by an orc priest

Illustrated notes

Levels and vault maps discovered:
D:1:      lightli_arrival_flooded_house, layout_loops_ring, minmay_vboxes
D:2:      layout_basic, fedhas_ov_isle_minmay
D:3:      layout_loops_ring, good_gods_mini_temple, old_standard_altar,
          nicolae_dithmenos_shadow_blocks, uniq_natasha
D:4:      layout_cave_pods, gammafunk_temple_overflow_claw, temple_fountains,
          minmay_manual_mullet, uniq_sigmund
D:5:      layout_basic, nicolae_ru_path_of_blood, serial_shops, shop,
          serial_glass, glass_columns_a, glass_columns_c,
          chequers_decorated_corner, minmay_misc_feat_iff, uniq_pikel
Temple:   minmay_temple_bridge_abc

Skill      XL: |  1  2  3  4  5  6  7 |
---------------+----------------------+-----
Fighting       | 4 5 6 7 |  7.0
Armour         | 4 5 6 |  6.0
Shields        | 4 5 |  5.5
Dodging        | 1 2 3 |  3.5
Axes           | 3 4 |  4.9

Action                   |  1- 3 |  4- 6 |  7- 9 || total
-------------------------+-------+-------+-------++-------
Melee: War axe           |   103 |   118 |    35 ||   256
       Headbutt          |     7 |    17 |     5 ||    29
Evoke: Wand              |       |     2 |       ||     2
  Use: Scroll            |     2 |     7 |       ||     9
       Potion            |       |     6 |     3 ||     9
Armor: Scale mail        |    60 |    58 |    20 ||   138
Dodge: Dodged            |    22 |    52 |    19 ||    93
Block: Kite shield       |    63 |    83 |    27 ||   173

Table legend: (Time is in decaauts)
 A = Elapsed time spent in this place.
 B = Non-inter-level travel time spent in this place.
 C = Inter-level travel time spent in this place.
 D = Time resting spent in this place.
 E = Time spent auto-exploring this place.
 F = Levels seen in this place.
 G = Mean time per level.
                   A        B        C        D        E       F      G
               +--------+--------+--------+--------+--------+-----+--------+
         Total |   4494 |   4228 |    266 |    656 |   2803 |   6 |  749.0 |
       Dungeon |   4286 |   4053 |    233 |    656 |   2632 |   5 |  857.2 |
        Temple |    207 |    174 |     33 |      0 |    171 |   1 |  207.0 |
               +--------+--------+--------+--------+--------+-----+--------+

Top non-repeatable levels by time:
     D:4: 1348 daAuts
     D:3: 1112 daAuts
     D:2: 942 daAuts
     D:1: 850 daAuts
  Temple: 207 daAuts
     D:5: 32 daAuts
